 Dungeon Crawl Stone Soup version 0.28.0-53-g5a82cb258f (webtiles) character file.

Game seed: 886323819993834162

69 mcbry74 the Chopper (level 4, -2/39 HPs)
             Began as a Hill Orc Berserker on June 21, 2022.
             Was a Believer of Trog.
             Succumbed to a goblin's poison
             ... on level 2 of the Dungeon.
             The game lasted 00:04:11 (1913 turns).

mcbry74 the Chopper (Hill Orc Berserker)            Turns: 1913, Time: 00:04:11

Health: -2/39      AC:  4    Str: 21    XL:     4   Next: 20%
Magic:  4/4        EV: 11    Int:  7    God:    Trog [**....]
Gold:   86         SH:  0    Dex: 10    Spells: 3/3 levels left

rFire   . . .      SeeInvis .   a - +0 hand axe
rCold   . . .      Faith    .   (no shield)
rNeg    . . .      Spirit   .   b - +0 animal skin
rPois   .          Reflect  .   (no helmet)
rElec   .          Harm     .   (no cloak)
rCorr   .          Rampage  .   j - +1 pair of gloves
Will    .....                   (no boots)
Stlth   +.........              (no amulet)
HPRegen 0.13/turn               (no ring)
MPRegen 0.09/turn               (no ring)

@: lethally poisoned (-2 -> -19), attractive
A: no striking features
a: Renounce Religion, Berserk, Trog's Hand


You were on level 2 of the Dungeon.
You worshipped Trog.
Trog was pleased with you.
You visited 1 branch of the dungeon, and saw 2 of its levels.

You collected 86 gold pieces.

Inventory:

Hand Weapons
 a - a +0 hand axe (weapon)
Missiles
 l - 16 sling bullets
Armour
 b - a +0 animal skin (worn)
 j - a +1 pair of gloves (worn)
Jewellery
 e - a +6 ring of intelligence
Scrolls
 c - 2 scrolls of identify {unknown}
 h - a scroll of immolation {unknown}
 i - a scroll of teleportation {unknown}
Potions
 d - a potion of attraction
 f - a potion of brilliance {unknown}
 g - a potion of might {unknown}
 k - a potion of curing {unknown}


   Skills:
 - Level 3.6 Fighting
 + Level 5.4 Axes
 + Level 3.7 Armour
 - Level 1.5 Dodging


You had 3 spell levels left.
You didn't know any spells.
Your spell library was empty.

Dungeon Overview and Level Annotations

Branches:
Dungeon (2/15)

Altars:


Message History

The goblin shouts!
You hit the dart slug.
The dart slug is severely wounded.
You hit the dart slug.
You kill the dart slug!
Trog accepts your kill. The dart slug launches a dart at you.
The slug dart hits you.
A rat comes into view.
A quokka comes into view.
The goblin hits you with a +2 dagger of venom.
You are poisoned.
The dart slug launches a dart at you. The slug dart hits you.
You feel sick.
You closely miss the goblin.
You feel sick.
A bat comes into view.
The goblin misses you. The quokka barely misses you.
The bat moves out of view.
You hit the goblin.
The goblin is heavily wounded.
You closely miss the quokka.
You feel sick. The goblin hits you but does no damage.
You are more poisoned.
The quokka bites you.
You closely miss the goblin.
The goblin is heavily wounded.
You miss the quokka.
You feel sick.
The goblin hits you with a +2 dagger of venom.
You are lethally poisoned!
The quokka bites you but does no damage.
You feel very sick.
* * * LOW HITPOINT WARNING * * *
You feel very sick.
The goblin hits you with a +2 dagger of venom.
* * * LOW HITPOINT WARNING * * *
You are more poisoned.
* * * LOW HITPOINT WARNING * * *
You feel very sick.
It was a potion of attraction.
You feel attractive to monsters.
You die...

.. ....# ##. #...##
####.)### ......
#......†#####.<....
#.............# #.#
#........###..# #.#
#........###r## #.#
#......<#.g.r# #.#
#........@#### #.#
########.## #.#######
##......# ##........
#.......## #..##
.........######...####
................#....#
........†###########.#
.........# #.####
.........# #....#


You could see a quokka, a goblin and a rat.

Vanquished Creatures
  2 adders (D:2)
  2 dart slugs
  8 ball pythons (D:1)
  2 bats (D:1)
  3 endoplasms
  6 giant cockroaches (D:1)
  4 goblins
  2 hobgoblins (D:1)
  4 jackals (D:1)
  4 kobolds (D:1)
  2 frilled lizards (D:2)
  4 rats
43 creatures vanquished.

Notes
Turn   | Place    | Note
-------+----------+-------------------------------------------
     0 | D:1      | mcbry74 the Hill Orc Berserker began the quest for the Orb.
     0 | D:1      | Reached XP level 1. HP: 19/19 MP: 1/1
   306 | D:1      | Reached XP level 2. HP: 21/26 MP: 2/2
   882 | D:1      | Found a faded altar of an unknown god.
   937 | D:1      | Reached XP level 3. HP: 29/31 MP: 3/3
  1227 | D:1      | Reached ** piety under Trog
  1369 | D:1      | Reached skill level 5 in Axes
  1893 | D:2      | Reached XP level 4. HP: 37/39 MP: 4/4
  1913 | D:2      | Succumbed to a goblin's poison

Illustrated notes

Levels and vault maps discovered:
D:1:      pf_arrival_petrified_forest, layout_loops_corners,
          nicolae_ecumenical_snake_handling
D:2:      layout_rooms, basic_altar, minmay_pentomino_p4

Skill      XL: |  1  2  3 |
---------------+----------+-----
Armour         | 3 |  3.7
Axes           | 5 |  5.4
Fighting       | |  3.6
Dodging        | |  1.5

Action                   |  1- 3 |  4- 6 || total
-------------------------+-------+-------++-------
Melee: Hand axe          |   131 |     7 ||   138
       Punch             |     1 |       ||     1
  Use: Potion            |       |     1 ||     1
Armor: Animal skin       |    24 |     2 ||    26
Dodge: Dodged            |    61 |     6 ||    67
